 Dungeon Crawl Stone Soup version 0.29.1-12-g30fa7ad0bf (webtiles) character file.

Game seed: 14205598617708972570

306 LustLizard the Sneak (level 6, -2/32 HPs)
             Began as a Kobold Enchanter on Jan 9, 2023.
             Slain by an orc
             ... wielding a +0 flail
              (4 damage)
             ... on level 2 of the Dungeon.
             The game lasted 00:04:34 (3390 turns).

LustLizard the Sneak (Kobold Enchanter)             Turns: 3390, Time: 00:04:34

Health: -2/32      AC:  4    Str:  8    XL:     6   Next: 67%
Magic:  11/11      EV: 15    Int: 16    God:
Gold:   74         SH:  0    Dex: 15    Spells: 6/11 levels left

rFire   + . .      SeeInvis .   a - +1 dagger
rCold   . . .      Faith    .   (no shield)
rNeg    . . .      Spirit   .   b - +0 robe
rPois   .          Reflect  .   (no helmet)
rElec   .          Harm     .   u - +0 cloak
rCorr   .          Rampage  .   f - +0 pair of gloves
Will    .....                   (no boots)
Stlth   ++++......              (no amulet)
HPRegen 0.10/turn               l - ring of protection from fire
MPRegen 0.12/turn               (no ring)

@: no status effects
A: small, no large weapons, nightstalker 3
a: no special abilities


You were on level 2 of the Dungeon.
You visited 1 branch of the dungeon, and saw 3 of its levels.

You collected 74 gold pieces.

Inventory:

Hand Weapons
 a - a +1 dagger (weapon)
Armour
 b - a +0 robe (worn)
 f - a +0 pair of gloves (worn)
 u - a +0 cloak (worn)
Jewellery
 l - a ring of protection from fire (left hand)
 r - a ring of fire
Wands
 s - a wand of iceblast (9)
Scrolls
 d - a scroll of butterflies {unknown}
 i - a scroll of magic mapping {unknown}
 j - a scroll of immolation {unknown}
 m - a scroll of vulnerability {unknown}
 o - a scroll of amnesia {unknown}
 t - a scroll of identify {unknown}
Potions
 c - 2 potions of invisibility
 e - a potion of resistance {unknown}
 g - a potion of flight {unknown}
 h - a potion of magic {unknown}
 k - 2 potions of mutation {unknown}
 n - a potion of ambrosia {unknown}
 p - a potion of degeneration {unknown}
 q - a potion of heal wounds {unknown}


   Skills:
 * Level 5.3 Short Blades
 - Level 2.4 Dodging
 + Level 5.6 Stealth
 - Level 3.4 Spellcasting
 - Level 4.0 Hexes
 + Level 0.5 Evocations


You had 6 spell levels left.
You knew the following spells:

 Your Spells              Type           Power      Damage    Failure   Level
a - Ensorcelled Hibernat  Hex/Ice        18%        N/A       12%         2
b - Tukima's Dance        Hex            15%        N/A       11%         3

Your spell library contained the following spells:

 Spells                   Type           Power      Damage    Failure   Level
 Confusing Touch          Hex            15%        N/A       11%         3
 Shock                    Conj/Air       8%         1d3       19%         1
 Dazzling Flash           Conj/Hex       18%        N/A       24%         3
 Swiftness                Air            2%         N/A       47%         3
 Airstrike                Air            1%         2d(1-17)  87%         4


Dungeon Overview and Level Annotations

Branches:
Dungeon (3/15)

Altars:


Innate Abilities, Weirdness & Mutations

You are small and have problems with some larger weapons.
You are completely attuned to the shadows.


Message History

The orc misses you.
You hit the orc.
You kill the orc!
You start resting.
HP restored.
You climb downwards.
The orc hits you with a +0 hand axe. The orc closely misses you.
There is a stone staircase leading up here.
The orc hits you with a +0 hand axe. The orc misses you.
You climb upwards.
There is a stone staircase leading down here.
The orc attacks as you move away! The orc closely misses you.
The orc barely misses you.
Things that are here:
a +0 flail; an orc skeleton The orc attacks as you move away!
The orc barely misses you. The orc attacks as you move away!
The orc hits you with a +0 hand axe.
You barely miss the orc. You hit the orc but do no damage.
The orc closely misses you. The orc misses you.
You hit the orc but do no damage.
The orc complains loudly.
The orc hits you with a +0 hand axe. The orc closely misses you.
You hit the orc but do no damage. The orc barely misses you.
The orc hits you but does no damage.
You barely miss the orc. You barely miss the orc.
The orc hits you with a +0 hand axe. The orc hits you with a +0 flail.
You hit the orc but do no damage. The orc hits you with a +0 hand axe.
The orc closely misses you.
You hit the orc but do no damage. The orc closely misses you.
The orc hits you with a +0 flail.
* * * LOW HITPOINT WARNING * * *
You hit the orc but do no damage. You hit the orc but do no damage.
The orc hits you with a +0 hand axe.
* * * LOW HITPOINT WARNING * * *
The orc barely misses you.
You hit the orc but do no damage. The orc closely misses you.
The orc hits you with a +0 flail.
You die...

^.######### #.........#
..........# #.........#
.##.......#####.........#
.##.......##............#
.##.).....##.##.........#
.##.......##.##.........#
....########.##.........#
.##.....##...###.......##
.####....#.### #@o....##
.## #....#.# #o######
..###......#####.###
..............>)...#
.####....##........# .#
#....###.......#
.####...## #.......#
.##.....# #.......#
....#...# #.......#


You could see 2 orcs.

Vanquished Creatures
  Sigmund (D:2)
  An iguana (D:3)
  3 gnolls (D:3)
  3 adders
  2 dart slugs (D:1)
  2 orcs
  3 endoplasms
  3 giant cockroaches
  2 goblins (D:1)
  9 hobgoblins
  8 jackals
  A quokka (D:3)
  4 ball pythons
  2 bats
  A frilled lizard (D:3)
  6 kobolds
  8 rats
59 creatures vanquished.

Vanquished Creatures (others)
  A dancing weapon (D:3)
1 creature vanquished.

Grand Total: 60 creatures vanquished

Notes
Turn   | Place    | Note
-------+----------+-------------------------------------------
     0 | D:1      | LustLizard the Kobold Enchanter began the quest for the
                  | Orb.
     0 | D:1      | Reached XP level 1. HP: 10/10 MP: 3/3
   318 | D:1      | Reached XP level 2. HP: 12/15 MP: 5/5
   596 | D:1      | Learned a level 2 spell: Ensorcelled Hibernation
   900 | D:1      | Reached XP level 3. HP: 19/19 MP: 6/6
  1801 | D:2      | Noticed Sigmund
  1806 | D:2      | Killed Sigmund
  1807 | D:2      | Reached skill level 5 in Stealth
  1807 | D:2      | Reached XP level 4. HP: 24/24 MP: 8/8
  1807 | D:2      | Reached XP level 5. HP: 28/28 MP: 9/9
  1807 | D:2      | Reached XP level 6. HP: 32/32 MP: 10/10
  2490 | D:3      | Reached skill level 5 in Short Blades
  2798 | D:3      | Learned a level 3 spell: Tukima's Dance
  3061 | D:3      | Identified the +0 scale mail "Gukkech" {rN++ Regen+ rCorr
                  | Stlth-}
  3390 | D:2      | Slain by an orc

Illustrated notes

Levels and vault maps discovered:
D:1:      spicycebolla_green_bress_n_ham, layout_basic, minmay_misc_feat_chi
D:2:      layout_rooms, chequers_garden, st_stairs_13, uniq_sigmund
D:3:      layout_rooms, lemuel_coloured_pillars_altar, fountainhead,
          kennysheep_generic_room_7

Skill      XL: |  1  2  3  4  5  6 |
---------------+-------------------+-----
Short Blades   | 2 4 5 |  5.3
Stealth        | 5 |  5.6
Spellcasting   | 3 |  3.4
Hexes          | 4 |  4.0
Dodging        | |  2.4
Evocations     | |  0.5

Action                   |  1- 3 |  4- 6 || total
-------------------------+-------+-------++-------
Melee: Dagger            |    95 |   156 ||   251
       Punch             |       |     1 ||     1
 Cast: Ensorcelled Hiber |       |     2 ||     2
       Tukima's Dance    |       |     1 ||     1
 Stab: Sleeping          |    18 |     9 ||    27
Armor: Robe              |    12 |    20 ||    32
Dodge: Dodged            |    50 |    87 ||   137
